 Dungeon Crawl Stone Soup version 0.27-a0-679-g77a6b55cf3 (webtiles) character file.

Game seed: 10692523289124076744

172 jestyr24 the Covered (level 5, -1/47 HPs)
             Began as a Minotaur Fighter on Mar 19, 2021.
             Slain by an orc wizard
             ... wielding a +0 dagger
              (3 damage)
             ... on level 3 of the Dungeon.
             The game lasted 00:05:54 (2950 turns).

jestyr24 the Covered (Minotaur Fighter)             Turns: 2950, Time: 00:05:54

Health: -1/47      AC:  8    Str: 21    XL:     5   Next: 27%
Magic:  4/4        EV:  8    Int:  5    God:
Gold:   69         SH:  9    Dex: 10    Spells: 4/4 levels left

rFire    . . .     SeeInvis .   a - +0 long sword
rCold    . . .     Faith    .   c - +0 kite shield
rNeg     . . .     Spirit   .   b - +0 scale mail
rPois    +         Reflect  .   (helmet restricted)
rElec    .         Harm     .   (no cloak)
rCorr    .         Rampage  .   f - +0 pair of gloves
Will     .....                  (no boots)
Stlth    ..........             (no amulet)
HPRegen  0.15/turn              l - ring of poison resistance
MPRegen  0.09/turn              (no ring)

@: no status effects
A: horns 2, retaliatory headbutt
a: no special abilities


You were on level 3 of the Dungeon.
You visited 1 branch of the dungeon, and saw 3 of its levels.

You collected 69 gold pieces.

Inventory:

Hand Weapons
 a - a +0 long sword (weapon)
 o - a +0 great sword
Armour
 b - a +0 scale mail (worn)
 c - a +0 kite shield (worn)
 f - a +0 pair of gloves (worn)
Jewellery
 l - a ring of poison resistance (right hand)
Scrolls
 e - a scroll of amnesia {unknown}
 g - a scroll of magic mapping {unknown}
 h - a scroll of holy word {unknown}
 j - 3 scrolls of teleportation {unknown}
 k - a scroll of identify {unknown}
Potions
 d - 2 potions of might
 i - a potion of heal wounds {unknown}
 m - a potion of degeneration {unknown}
 n - a potion of curing {unknown}


   Skills:
 + Level 4.5 Fighting
 + Level 4.2 Long Blades
 + Level 4.9 Armour
 + Level 1.1 Dodging
 + Level 4.3 Shields


You had 4 spell levels left.
You didn't know any spells.
Your spell library was empty.

Dungeon Overview and Level Annotations

Branches:
Dungeon (3/15)

Altars:


Innate Abilities, Weirdness & Mutations

You have a pair of horns on your head.
You reflexively headbutt those who attack you in melee.


Message History

Something tries to affect you, but you resist.
The kobold hits you but does no damage.
You completely miss something. Your headbutt misses something.
Something hits you but does no damage. The kobold hits you but does no damage.
You bump into the rock wall.
Something hits you.
* * * LOW HITPOINT WARNING * * *
The kobold barely misses you.
You completely miss the kobold. You headbutt the kobold.
The kobold is moderately wounded.
Something hits you.
* * * LOW HITPOINT WARNING * * *
The kobold barely misses you. Something hits you but does no damage.
You miss something. You headbutt something. The kobold barely misses you.
Something hits you but does no damage. The kobold hits you but does no damage.
You bump into the rock wall.
You feel less confused. Something hits you but does no damage.
The kobold barely misses you.
You hit something. Your headbutt misses something.
Something hits you but does no damage. You block the kobold's attack.
Something hits you.
* * * LOW HITPOINT WARNING * * *
You miss something. Your headbutt misses something.
The kobold hits you but does no damage. Something hits you but does no damage.
You block the kobold's attack.
You closely miss something. You block something's attack.
The kobold hits you but does no damage.
You barely miss something. Something hits you but does no damage.
The kobold hits you.
* * * LOW HITPOINT WARNING * * *
You hear some strange, mumbled words.
Something tries to affect you, but you resist.
The kobold hits you but does no damage.
You closely miss something. Something hits you but does no damage.
The kobold hits you but does no damage.
You barely miss something. You headbutt something. Something hits you.
* * * LOW HITPOINT WARNING * * *
The kobold hits you.
* * * LOW HITPOINT WARNING * * *
Something hits you.
You die...

#..... . #.....#
..... . #.....#
.... .. #.....# ...
...#.....# ..
...#.....# .#
.......#.## ##.#
.......#..######K.#
.............)o{@#
.#......#..#######
.........#.##
..!..[......###
...##...#.....# .#
..# ##..#.....## .#
.. #..###.#..# ##.
..# #..# #.#..###..
..# #.....##.#


You could see an orc and a kobold.

Vanquished Creatures
  An orc wizard (D:3)
  3 gnolls (D:2)
  4 adders
  An ooze (D:3)
  2 worms (D:2)
  3 dart slugs
  2 leopard geckos (D:2)
  7 orcs (D:3)
  3 giant cockroaches
  4 goblins (D:2)
  10 hobgoblins
  2 jackals (D:2)
  A quokka (D:1)
  A ball python (D:1)
  A bat (D:2)
  4 frilled lizards
  7 kobolds
  5 rats
61 creatures vanquished.

Notes
Turn   | Place    | Note
-------+----------+-------------------------------------------
     0 | D:1      | jestyr24 the Minotaur Fighter began the quest for the Orb.
     0 | D:1      | Reached XP level 1. HP: 19/19 MP: 0/0
   362 | D:1      | Reached XP level 2. HP: 13/27 MP: 1/1
  1419 | D:2      | Reached XP level 3. HP: 28/33 MP: 2/2
  1794 | D:2      | Reached XP level 4. HP: 23/40 MP: 3/3
  2590 | D:3      | Reached skill level 1 in Dodging
  2781 | D:3      | Reached XP level 5. HP: 44/47 MP: 4/4
  2950 | D:3      | HP: 2/47 [kobold (3)]
  2950 | D:3      | Slain by an orc wizard

Illustrated notes

Levels and vault maps discovered:
D:1:      dpeg_arrival_circle_labyrinth_c, layout_loops_ring,
          minmay_misc_feat_four_crosses
D:2:      layout_loops_ring
D:3:      layout_rooms

Skill      XL: |  1  2  3  4  5 |
---------------+----------------+-----
Fighting       | 4 |  4.5
Armour         | 4 |  4.9
Shields        | 4 |  4.3
Long Blades    | 3 4 |  4.2
Dodging        | 1 |  1.1

Action                   |  1- 3 |  4- 6 || total
-------------------------+-------+-------++-------
Melee: Long sword        |    75 |    85 ||   160
       Headbutt          |    11 |    15 ||    26
Armor: Scale mail        |    21 |    37 ||    58
Dodge: Dodged            |    25 |    28 ||    53
Block: Kite shield       |    43 |    36 ||    79
       Rpst.: Long sword |     6 |     7 ||    13

Table legend: (Time is in decaauts)
 A = Elapsed time spent in this place.
 B = Non-inter-level travel time spent in this place.
 C = Inter-level travel time spent in this place.
 D = Time resting spent in this place.
 E = Time spent auto-exploring this place.
 F = Levels seen in this place.
 G = Mean time per level.
                   A        B        C        D        E       F      G
               +--------+--------+--------+--------+--------+-----+--------+
         Total |   3021 |   2898 |    123 |    831 |   1503 |   3 | 1007.0 |
       Dungeon |   3021 |   2898 |    123 |    831 |   1503 |   3 | 1007.0 |
               +--------+--------+--------+--------+--------+-----+--------+

Top non-repeatable levels by time:
     D:1: 1434 daAuts
     D:2: 1063 daAuts
     D:3: 523 daAuts
